 Dungeon Crawl Stone Soup version 0.27.0-1-g7a089689b8 (webtiles) character file.

Game seed: 14132085658352316558

208 Sabo the Chopper (level 6, -12/48 HPs)
             Began as a Human Berserker on Aug 4, 2021.
             Was a Believer of Trog.
             Mangled by an ogre (29 damage)
             ... on level 4 of the Dungeon.
             The game lasted 00:16:31 (3953 turns).

Sabo the Chopper (Human Berserker)                  Turns: 3953, Time: 00:16:32

Health: -12/48     AC:  7    Str: 18    XL:     6   Next: 11%
Magic:  0/6        EV: 11    Int:  7    God:    Trog [**....]
Gold:   184        SH:  0    Dex: 14    Spells: 5/5 levels left

rFire    . . .     SeeInvis .   m - +3 whip
rCold    . . .     Faith    .   (no shield)
rNeg     . . .     Spirit   +   p - +0 ring mail
rPois    .         Reflect  .   j - +0 helmet
rElec    .         Harm     .   c - +0 cloak
rCorr    .         Rampage  .   (no gloves)
Will     .....                  (no boots)
Stlth    +.........             d - amulet of guardian spirit
HPRegen  0.16/turn              (no ring)
MPRegen  0.10/turn              (no ring)

@: no status effects
A: no striking features
a: Renounce Religion, Berserk, Trog's Hand


You were on level 4 of the Dungeon.
You worshipped Trog.
Trog was pleased with you.
You visited 1 branch of the dungeon, and saw 4 of its levels.

You collected 184 gold pieces.

Inventory:

Hand Weapons
 a - a +0 hand axe
 m - a +3 whip (weapon)
 r - a +0 hunting sling
Missiles
 b - 32 sling bullets
 l - 58 arrows
Armour
 c - a +0 cloak (worn)
 j - a +0 helmet (worn)
 p - a +0 ring mail (worn)
Jewellery
 d - an amulet of guardian spirit (around neck)
Wands
 n - a wand of flame (11)
 q - a wand of iceblast (8)
Scrolls
 e - 3 scrolls of identify
 i - a scroll of fear
Potions
 f - a potion of berserk rage {unknown}
 g - a potion of cancellation {unknown}
 h - a potion of invisibility {unknown}
 k - 2 potions of curing
 o - 3 potions of haste {unknown}


   Skills:
 + Level 3.9 Fighting
 + Level 4.1(4.4) Axes
 + Level 2.3(3.6) Maces & Flails
 + Level 2.6 Armour
 + Level 2.7 Dodging
 + Level 0.8 Stealth


You had 5 spell levels left.
You didn't know any spells.
Your spell library was empty.

Dungeon Overview and Level Annotations

Branches:
Dungeon (4/15)
 Temple: D:4-7

Altars:
Nemelex Xobeh


Message History

The ogre is lightly wounded.
Aiming: Throw Flame
Press: ? - help, Shift-Dir - straight line, f/p - ogre
Aim: an ogre, wielding a +0 giant spiked club (lightly wounded, 85% to hit)
The puff of flame misses the ogre.
You hit the ogre.
The ogre is lightly wounded.
The ogre hits you with a +0 giant spiked club!!
You barely miss the ogre.
The ogre is lightly wounded.
The ogre barely misses you.
You barely miss the ogre.
The ogre is lightly wounded.
You hit the ogre.
The ogre is moderately wounded.
The ogre closely misses you.
You hit the ogre.
The ogre is moderately wounded.
The ogre hits you with a +0 giant spiked club!
You hit the ogre.
The ogre is moderately wounded.
The ogre closely misses you.
You hit the ogre.
The ogre is heavily wounded.
You hit the ogre.
The ogre is heavily wounded.
The ogre hits you with a +0 giant spiked club.
You barely miss the ogre.
The ogre is heavily wounded.
The ogre barely misses you.
You hit the ogre.
The ogre is severely wounded.
You hit the ogre.
The ogre is almost dead.
The ogre misses you.
You barely miss the ogre.
The ogre is almost dead.
The ogre hits you with a +0 giant spiked club!!
Ouch! That really hurt!
You die...

##.#####...............#
#.....
#................#######
#.....
####.###.........#####
########
#.#.......#........
........
#)#.#####.#.#######
#....##. #.#...<...#.#
#.. #.
#.#####.###.#########
#.. #. #.......#
#.#.......# #....##.
######### #>.@O.....+
........ ###.......#
#....##.
........###....##.
#.########......... #.
#....##≈≈≈ .. #....##≈≈≈
+# #..(.≈≈... #....≈≈...
#.........


You could see an ogre.

Vanquished Creatures
  A scorpion (D:4)
  A jelly (D:3)
  4 adders
  An ufetubus (D:4)
  3 worms
  3 dart slugs
  7 orcs
  9 bats
  5 endoplasms
  A giant cockroach (D:3)
  5 hobgoblins
  2 jackals (D:2)
  5 kobolds
  3 quokkas
  4 ball pythons
  3 goblins
  4 rats
61 creatures vanquished.

Notes
Turn   | Place    | Note
-------+----------+-------------------------------------------
     0 | D:1      | Sabo the Human Berserker began the quest for the Orb.
     0 | D:1      | Reached XP level 1. HP: 18/18 MP: 1/1
   208 | D:1      | Found a faded altar of an unknown god.
   570 | D:1      | Reached XP level 2. HP: 21/24 MP: 2/2
   848 | D:2      | Reached XP level 3. HP: 23/29 MP: 3/3
  1927 | D:2      | Reached XP level 4. HP: 25/35 MP: 4/4
  2464 | D:3      | Reached skill level 4 in Axes
  2784 | D:3      | Reached ** piety under Trog
  2913 | D:3      | Reached XP level 5. HP: 42/42 MP: 5/5
  2946 | D:3      | Reached skill level 1 in Maces & Flails
  3483 | D:4      | Found a sparkling altar of Nemelex Xobeh.
  3508 | D:4      | Found a glowing drain.
  3660 | D:4      | Reached XP level 6. HP: 20/48 MP: 2/6
  3937 | D:4      | Noticed an ogre
  3953 | D:4      | Mangled by an ogre

Illustrated notes

Levels and vault maps discovered:
D:1:      lemuel_arrival_behind_the_door_large, layout_rooms,
          hellmonk_ecumenical_altar_zigzags, roderic_serpentine_path
D:2:      layout_basic
D:3:      layout_loops_cross, kennysheep_donut, chequers_jeans
D:4:      layout_basic, elyvilon_altar_3, mainiacjoe_overflow_surrounded_room,
          cheibrodos_sewer_entry_sluice, dk_noncrumbling_4,
          hangedman_minor_gate_pass, uniq_crazy_yiuf_cottage

Skill      XL: |  1  2  3  4  5 |
---------------+----------------+-----
Axes           | 4 |  4.1
Maces & Flails | 2 |  2.3
Fighting       | |  3.9
Armour         | |  2.6
Dodging        | |  2.7
Stealth        | |  0.8

Action                   |  1- 3 |  4- 6 || total
-------------------------+-------+-------++-------
Melee: Hand axe          |    53 |       ||    53
       Whip              |    16 |   110 ||   126
Invok: Berserk           |     1 |       ||     1
Evoke: Wand              |       |     3 ||     3
  Use: Scroll            |       |     5 ||     5
 Stab: Sleeping          |     1 |       ||     1
Armor: Animal skin       |    17 |       ||    17
       Leather armour    |     7 |       ||     7
       Ring mail         |       |    52 ||    52
Dodge: Dodged            |    36 |    64 ||   100
